 Dungeon Crawl Stone Soup version 0.27.0-1-g7a089689b8 (webtiles) character file.

Game seed: 694713298450213867

32447 robertstho the Basher (level 13, -4/115 HPs)
             Began as a Purple Draconian Wanderer on Aug 6, 2021.
             Was an Elder of Nemelex Xobeh.
             Succumbed to a ghost moth's poison
             ... on level 14 of the Dungeon.
             The game lasted 00:25:40 (15535 turns).

robertstho the Basher (Purple Draconian Wanderer)  Turns: 15535, Time: 00:25:41

Health: -4/115     AC: 13    Str: 18 (19) XL:     13   Next: 31%
Magic:  1/21       EV: 15    Int: 10      God:    Nemelex Xobeh [****..]
Gold:   30         SH:  0    Dex: 13 (14) Spells: 12/12 levels left

rFire    . . .     SeeInvis .   k - +0 dire flail (protect)
rCold    . . .     Faith    .   (shield currently unavailable)
rNeg     . . .     Spirit   .   (armour unavailable)
rPois    .         Reflect  .   (helmet restricted)
rElec    .         Harm     .   g - +2 cloak {rCorr}
rCorr    +         Rampage  .   v - +0 pair of gloves
Will     ++...                  h - +0 pair of boots
Stlth    +++.......             A - amulet of the acrobat
HPRegen  0.29/turn              j - ring "Plog" {Will+ Slay+5}
MPRegen  0.17/turn              m - +4 ring of slaying

@: lethally poisoned (-4 -> -25), on berserk cooldown, slowed, very slow
A: breathe power, AC +8, unfitting armour, cold-blooded
a: Breathe Dispelling Energy, Renounce Religion, Draw Escape, Draw Destruction,
Draw Summoning, Triple Draw, Deal Four


You were on level 14 of the Dungeon.
You worshipped Nemelex Xobeh.
Nemelex Xobeh was greatly pleased with you.
You visited 2 branches of the dungeon, and saw 15 of its levels.

You collected 834 gold pieces.
You spent 804 gold pieces at shops.

Inventory:

Hand Weapons
 a - a +2 mace
 b - a +0 hand axe
 k - a +0 dire flail of protection (weapon)
Armour
 g - a +2 cloak of preservation (worn)
 h - a +0 pair of boots (worn)
 v - a +0 pair of gloves (worn)
Jewellery
 d - an amulet of guardian spirit
 e - a +4 ring of evasion
 j - the ring "Plog" (left hand) {Will+ Slay+5}
   (You acquired it on level 9 of the Dungeon)

   [ring of willpower]

   Slay:      It affects your accuracy & damage with ranged weapons and melee
   (+5).
   Will:      It increases your willpower.
 m - a +4 ring of slaying (right hand)
 q - a ring of see invisible
 r - a ring of protection from fire
 s - a ring of poison resistance
 y - a ring of resist corrosion
 A - an amulet of the acrobat (around neck)
 B - a +6 ring of intelligence
 G - a +4 ring of protection
Wands
 u - a wand of polymorph (21)
 C - a wand of flame (11)
Scrolls
 f - 4 scrolls of enchant armour
 i - 2 scrolls of brand weapon
 n - a scroll of fear
 z - 2 scrolls of fog
 D - 2 scrolls of immolation
 F - 2 scrolls of amnesia
 H - a scroll of silence
 I - 2 scrolls of identify
 K - a scroll of holy word
 M - a scroll of magic mapping
 O - a scroll of torment
 P - a scroll of enchant weapon
Potions
 c - a potion of resistance
 l - a potion of cancellation
 o - a potion of lignification
 p - a potion of might
 t - a potion of mutation
 w - a potion of magic
 x - a potion of berserk rage
 Q - a potion of brilliance
Miscellaneous
 E - a lightning rod (4/4)


   Skills:
 + Level 10.8 Fighting
 + Level 1.0 Long Blades
 + Level 14.2 Maces & Flails
 + Level 1.8 Throwing
 + Level 8.7 Dodging
 + Level 5.5 Stealth
 * Level 10.8 Invocations
 + Level 4.0 Evocations


You had 12 spell levels left.
You didn't know any spells.
Your spell library contained the following spells:

 Spells                   Type           Power      Damage    Failure   Level
 Animate Skeleton         Necr           0%         N/A       36%         1
 Apportation              Tloc           0%         N/A       36%         1
 Corona                   Hex            0%         N/A       36%         1
 Magic Dart               Conj           0%         1d3       36%         1
 Shock                    Conj/Air       0%         1d3       36%         1
 Summon Small Mammal      Summ           0%         N/A       36%         1
 Searing Ray              Conj           0%         3d3       50%         2
 Static Discharge         Conj/Air       0%         N/A       50%         2
 Sublimation of Blood     Necr           0%         N/A       50%         2
 Swiftness                Air            0%         N/A       75%         3
 Airstrike                Air            0%         N/A       98%         4
 Dispel Undead            Necr           0%         3d6       98%         4
 Fulminant Prism          Conj/Hex       0%         3d6       98%         4
 Petrify                  Tmut/Erth      0%         N/A       98%         4
 Sticky Flame             Conj/Fire      0%         2d3       98%         4
 Summon Lightning Spire   Summ/Air       0%         N/A       98%         4
 Alistair's Intoxication  Tmut/Pois      0%         N/A       100%        5
 Borgnjor's Vile Clutch   Necr/Erth      0%         N/A       100%        5
 Irradiate                Conj/Tmut      0%         3d13      100%        5
 Eringya's Noxious Bog    Tmut/Pois      0%         N/A       100%        6
 Storm Form               Tmut/Air       0%         N/A       100%        7
 Maxwell's Capacitive Co  Air            0%         ∞         100%        8


Dungeon Overview and Level Annotations

Branches:
Dungeon (15/15)            Temple (1/1) D:4            Lair (0/6) D:11
    Orc (0/2) D:10         Vaults (0/5) D:14         Depths (0/5) D:15

Altars:
Ashenzari
Cheibriados
Dithmenos
Elyvilon
Fedhas
Gozag
Hepliaklqana
Kikubaaqudgha
Makhleb
Nemelex Xobeh
Okawaru
Qazlal
Ru
Sif Muna
Trog
Uskayaw
Vehumet
Wu Jian
Xom
Yredelemnul
Zin
The Shining One

Shops:
D:3 ?   D:11 ?   D:15 (*?:

Annotations:
D:14 Nessos, Rupert
D:15 Roxanne


Innate Abilities, Weirdness & Mutations

You can breathe bolts of dispelling energy.
Your rich purple scales are hard. (AC +8)
You cannot fit into any form of body armour.
You are cold-blooded and may be slowed by cold attacks.


Message History

You feel clumsy. Something barely misses you. Something stings you.
You are poisoned.
Something poisons you!
You miss something. You tail-slap something!
You feel extremely sick.
You hit something.
Your tail-slap misses something.
You feel extremely sick.
You feel you are being watched by something.
Something hits you!
* * * LOW HITPOINT WARNING * * *
You feel weakened. Something hits you but does no damage.
Something stings you but does no damage.
You hammer something like a gong!!!
Reactivating autopickup.
You feel a bit more experienced.
* * * LOW HITPOINT WARNING * * *
You feel very sick.
* * * LOW HITPOINT WARNING * * *
You feel extremely sick.
Items here: ! ( ) [ †††††.
You feel a strong urge to attack something.
* * * LOW HITPOINT WARNING * * *
You feel extremely sick.
* * * LOW HITPOINT WARNING * * *
You feel very sick.
You feel your anger nearly subside.
You are no longer berserk.
You are exhausted.
You feel yourself slow down.
* * * LOW HITPOINT WARNING * * *
You feel very sick.
Okay, then.
Okay, then.
You draw a card...
You have drawn the Tomb.
Walls emerge from the floor!
* * * LOW HITPOINT WARNING * * *
You feel extremely sick.
You draw a card...
You have drawn the Cloud.
Nothing appears to happen.
You die...
Your body glows slightly and disappears.

#...........#
##...........#
..)..........#
......####'#.##########
......'....#...........
......#....#...........
......#....#.......##
......######...###.#
......†........#@#.#
...........#######.#
...........#.....#)# #
...........#.....'.####'#..
...#######.#.....#.e.......
...# .#'#####......... ...#
.................
.................
..e..............


There were no monsters in sight!

Vanquished Creatures
  A ghost moth (D:14)
  Josephine (D:15)
  A boulder beetle (D:15)
  4 two-headed ogres
  2 centaur warriors (D:15)
  A tengu warrior (D:15)
  Urug (D:14)
  A skeletal warrior (D:15)
  Pikel (D:5)
  A necromancer (D:15)
  A deep elf pyromancer (D:12)
  11 ugly things
  A phantasmal warrior (D:15)
  A frost giant zombie (D:15)
  2 cyclopes (D:15)
  3 manticores
  Maurice (D:9)
  4 yaktaurs (D:15)
  2 efreet
  A tengu conjurer (D:15)
  2 komodo dragons (D:11)
  Psyche (D:11)
  2 trolls (D:11)
  A hornet (D:9)
  A fire dragon zombie (D:15)
  A centaur simulacrum (D:15)
  A deep troll skeleton (D:15)
  A deep troll zombie (D:15)
  7 wraiths
  2 shadows
  4 humans
  6 yaks (D:9)
  A water elemental (D:15)
  2 steam dragons
  2 wyverns
  12 vampire mosquitoes
  An acid dragon (D:9)
  3 water moccasins
  Duvessa (D:5)
  3 orc warriors
  3 black bears
  A hornet zombie (D:8)
  An ice beast (D:7)
  4 necrophages
  A centaur (D:12)
  An ogre (D:5)
  A boggart (D:15)
  A phantom (D:6)
  A lemure (D:5)
  5 bullfrogs
  2 kobold brigands
  Blork the orc (D:4)
  3 gnoll sergeants
  6 scorpions
  Dowan (D:5)
  10 killer bees
  4 wights (D:8)
  A howler monkey (D:11)
  A bullfrog zombie (D:7)
  A human zombie (D:8)
  4 centaur zombies
  3 jellies
  A hound (D:6)
  Crazy Yiuf (D:5)
  3 orc priests
  A gnoll shaman (D:8)
  A centaur skeleton (D:6)
  5 iguanas
  Natasha (D:3)
  8 orc wizards
  A killer bee zombie (D:8)
  A hound skeleton (D:5)
  2 mummies (D:8)
  A howler monkey zombie (D:8)
  6 adders
  21 gnolls
  A shadow imp (D:5)
  2 adder skeletons (D:4)
  An adder zombie (D:5)
  4 dart slugs
  27 orcs
  7 ball pythons
  3 bats
  3 endoplasms (D:1)
  A giant cockroach (D:2)
  7 goblins
  4 hobgoblins
  18 jackals
  4 quokkas
  4 frilled lizards
  10 kobolds
  A quokka skeleton (D:4)
  6 rats
307 creatures vanquished.

Vanquished Creatures (collateral kills)
  An ogre mage (D:15)
  2 two-headed ogres (D:15)
  An ugly thing (D:15)
  A vampire mosquito (D:9)
  3 killer bees (D:9)
  A kobold (D:9)
9 creatures vanquished.

Vanquished Creatures (others)
  Louise (D:15)
  2 centaur warriors (D:15)
  A wizard (D:15)
  A slime creature (D:15)
  14 fungi (D:11)
  24 plants
  14 withered plants (D:15)
57 creatures vanquished.

Grand Total: 373 creatures vanquished

Notes
Turn   | Place    | Note
-------+----------+-------------------------------------------
     0 | D:1      | robertstho the Draconian Wanderer began the quest for the
                  | Orb.
     0 | D:1      | robertstho set off with the following items: a +2 mace, a
                  | +0 hand axe, a potion of curing
     0 | D:1      | Reached XP level 1. HP: 19/19 MP: 1/1
   204 | D:1      | Found a faded altar of an unknown god.
   220 | D:1      | Reached XP level 2. HP: 23/26 MP: 2/2
   718 | D:1      | Reached XP level 3. HP: 28/31 MP: 3/3
  1196 | D:2      | You fall into a shaft and drop 2 floors!
  1243 | D:3      | Reached skill level 4 in Maces & Flails
  1257 | D:3      | Reached skill level 1 in Dodging
  1402 | D:3      | Reached XP level 4. HP: 40/40 MP: 4/4
  1456 | D:3      | Found Wunaixip's Magic Scroll Emporium.
  1464 | D:3      | Bought a scroll of teleportation for 42 gold pieces
  1904 | D:3      | Noticed Natasha
  1917 | D:3      | Killed Natasha
  2498 | D:4      | Noticed a necrophage
  2503 | D:4      | Killed a necrophage
  2504 | D:4      | Reached XP level 5. HP: 46/46 MP: 5/5
  2515 | D:4      | Identified the +0 cloak of Jina {Rampage}
  2578 | D:4      | Reached skill level 5 in Maces & Flails
  2637 | D:4      | Found a staircase to the Ecumenical Temple.
  2637 | D:4      | Noticed Blork the orc
  2648 | D:4      | Killed Blork the orc
  2649 | D:4      | Reached XP level 6. HP: 24/52 MP: 1/6
  2815 | Temple   | Entered the Ecumenical Temple
  2884 | Temple   | Became a worshipper of Nemelex Xobeh the Trickster
  3029 | D:4      | Found a glowing silver altar of Zin.
  3029 | D:4      | Found a white marble altar of Elyvilon.
  3034 | D:4      | Found a glowing golden altar of the Shining One.
  3053 | D:4      | Reached skill level 1 in Invocations
  3151 | D:5      | Entered Level 5 of the Dungeon
  3170 | D:5      | Found a shimmering altar of Xom.
  3379 | D:5      | Your scales start taking on a rich purple colour.
  3379 | D:5      | Reached XP level 7. HP: 54/60 MP: 6/8
  3382 | D:5      | Reached skill level 6 in Maces & Flails
  3476 | D:5      | Identified the +4 ring mail of Absolutism {Rampage Dex+2
                  | Stlth+}
  3502 | D:5      | Noticed Duvessa
  3503 | D:5      | Noticed Dowan
  3523 | D:5      | Killed Duvessa
  3530 | D:5      | Reached skill level 5 in Fighting
  3538 | D:5      | Killed Dowan
  3845 | D:5      | Reached XP level 8. HP: 68/68 MP: 10/10
  3850 | D:5      | Found a sacrificial altar of Ru.
  3854 | D:5      | Found an ornate altar of the Wu Jian Council.
  3856 | D:5      | Found a burning altar of Makhleb.
  3870 | D:5      | Reached skill level 7 in Maces & Flails
  4252 | D:5      | Noticed Pikel
  4272 | D:5      | Killed Pikel
  4273 | D:5      | Reached skill level 8 in Maces & Flails
  4493 | D:5      | Found a runed translucent door.
  4494 | D:5      | Noticed Crazy Yiuf
  4502 | D:5      | Killed Crazy Yiuf
  4633 | D:6      | Reached * piety under Nemelex Xobeh
  4681 | D:6      | Found a broken altar of Ashenzari.
  5017 | D:6      | Reached XP level 9. HP: 75/75 MP: 12/12
  5017 | D:6      | Identified a scroll of acquirement
  5021 | D:6      | Acquired a +2 cloak of preservation
  5252 | D:6      | Received a gift from Nemelex Xobeh
  5481 | D:7      | Reached ** piety under Nemelex Xobeh
  5953 | D:7      | HP: 3/75 [orc priest/divine providence (5)]
  6377 | D:7      | Reached skill level 5 in Invocations
  6688 | D:7      | Reached skill level 5 in Dodging
  6919 | D:7      | Reached skill level 9 in Maces & Flails
  7644 | D:8      | Reached XP level 10. HP: 35/86 MP: 7/14
  8082 | D:8      | Reached skill level 10 in Maces & Flails
  8350 | D:8      | Found a basalt altar of Yredelemnul.
  8503 | D:9      | Received a gift from Nemelex Xobeh
  9154 | D:9      | Acquired the ring "Plog" {Will+ Slay+5}
  9201 | D:9      | Found an ancient bone altar of Kikubaaqudgha.
  9209 | D:9      | Reached *** piety under Nemelex Xobeh
  9209 | D:9      | Found an iron altar of Okawaru.
  9210 | D:9      | Found a shadowy altar of Dithmenos.
  9375 | D:9      | Found an opulent altar of Gozag.
  9946 | D:9      | Noticed Maurice
  9962 | D:9      | Noticed a two-headed ogre
  9962 | D:9      | Killed Maurice
 10082 | D:10     | Entered Level 10 of the Dungeon
 10154 | D:10     | Reached skill level 11 in Maces & Flails
 10245 | D:10     | Received a gift from Nemelex Xobeh
 10453 | D:10     | Found a staircase to the Orcish Mines.
 10678 | D:10     | Noticed a two-headed ogre
 10688 | D:10     | Killed a two-headed ogre
 10689 | D:10     | Reached XP level 11. HP: 79/94 MP: 16/16
 11069 | D:11     | Found Pozxuank's Magic Scroll Emporium.
 11222 | D:11     | Bought a scroll of silence for 112 gold pieces
 11222 | D:11     | Bought a scroll of identify for 30 gold pieces
 11222 | D:11     | Bought a scroll of identify for 30 gold pieces
 11222 | D:11     | Bought a scroll of fear for 52 gold pieces
 11222 | D:11     | Bought a scroll of holy word for 112 gold pieces
 11222 | D:11     | Bought a scroll of blinking for 112 gold pieces
 11222 | D:11     | Bought a scroll of magic mapping for 52 gold pieces
 11255 | D:11     | Reached **** piety under Nemelex Xobeh
 11259 | D:11     | Received a gift from Nemelex Xobeh
 11516 | D:11     | Noticed Psyche
 11523 | D:11     | Killed Psyche
 11525 | D:11     | Found a staircase to the Lair.
 11632 | D:12     | Received a gift from Nemelex Xobeh
 11872 | D:12     | Reached skill level 12 in Maces & Flails
 11957 | D:12     | Noticed a deep elf pyromancer
 11968 | D:12     | Killed a deep elf pyromancer
 12075 | D:12     | You fall into a shaft and drop 3 floors!
 12075 | D:15     | Entered Level 15 of the Dungeon
 12083 | D:15     | Noticed a centaur warrior
 12093 | D:15     | Killed a centaur warrior
 12097 | D:15     | Killed a wizard
 12103 | D:15     | Found Ediwnyvo's Weapon Shop.
 12125 | D:15     | Noticed a centaur warrior
 12136 | D:15     | Killed a centaur warrior
 12173 | D:15     | Killed a centaur warrior
 12178 | D:15     | Killed a centaur warrior
 12260 | D:15     | Noticed a tengu warrior
 12261 | D:15     | Reached ***** piety under Nemelex Xobeh
 12263 | D:15     | Found Warcho's Magic Scroll Shoppe.
 12312 | D:15     | Killed a tengu warrior
 12330 | D:15     | Reached XP level 12. HP: 8/105 MP: 11/18
 12386 | D:15     | Noticed Louise
 12604 | D:14     | Noticed a boulder beetle
 12608 | D:14     | Noticed a tengu warrior
 12609 | D:14     | Noticed a tengu warrior
 12611 | D:14     | Noticed Nessos
 12612 | D:14     | Noticed Urug
 12617 | D:14     | Banished a tengu warrior
 12673 | D:15     | Reached skill level 1 in Evocations
 12703 | D:15     | Found Maukhl Naang's Book Shop.
 12709 | D:15     | Reached skill level 13 in Maces & Flails
 12845 | D:15     | Noticed an ogre mage
 12848 | D:15     | Noticed a two-headed ogre
 12851 | D:15     | Noticed a two-headed ogre
 12852 | D:15     | Noticed a two-headed ogre
 12853 | D:15     | Noticed a two-headed ogre
 12854 | D:15     | Killed an ogre mage
 12857 | D:15     | Killed a two-headed ogre
 12869 | D:15     | Killed a two-headed ogre
 12872 | D:15     | Killed a two-headed ogre
 12874 | D:15     | Killed a two-headed ogre
 12875 | D:15     | Reached skill level 5 in Stealth
 12930 | D:15     | Reached skill level 10 in Invocations
 12944 | D:15     | Reached skill level 10 in Fighting
 13105 | D:15     | Killed Louise
 13382 | D:15     | Noticed a boulder beetle
 13408 | D:15     | Killed a boulder beetle
 13524 | D:15     | Bought a scroll of blinking for 112 gold pieces
 13803 | D:15     | Found Ginniorch's General Store.
 13811 | D:15     | Bought a potion of heal wounds for 75 gold pieces
 13811 | D:15     | Bought a potion of heal wounds for 75 gold pieces
 13987 | D:15     | Received a gift from Nemelex Xobeh
 13994 | D:15     | Found a staircase to the Depths.
 14312 | D:14     | Found a gate to the Vaults.
 14312 | D:14     | Noticed Rupert
 14315 | D:14     | Identified the +0 long sword of the Crypt {drain, rC-
                  | Int+5}
 14336 | D:14     | Noticed a boulder beetle
 14360 | D:14     | a boulder beetle changed into something unseen
 14385 | D:14     | You fall into a shaft and drop 1 floor!
 14633 | D:15     | Noticed Josephine
 14643 | D:15     | Killed Josephine
 14644 | D:15     | Reached XP level 13. HP: 102/114 MP: 20/20
 14762 | D:15     | Identified Roxanne's Volume of Transformation
 14762 | D:15     | Noticed Roxanne
 14776 | D:15     | Received a gift from Nemelex Xobeh
 14829 | D:15     | Found a shimmering altar of Xom.
 15266 | D:14     | Received a gift from Nemelex Xobeh
 15477 | D:14     | Reached skill level 14 in Maces & Flails
 15524 | D:14     | Killed Urug
 15529 | D:14     | Killed a ghost moth
 15534 | D:14     | HP: 2/115 [poisoned by a ghost moth]
 15535 | D:14     | Succumbed to a ghost moth's poison

Illustrated notes

Levels and vault maps discovered:
D:1:      eino_arrival_druids_welcome, layout_basic,
          shapermc_ecumenical_altar_venn, minmay_misc_feat_plants
D:2:      layout_basic
D:3:      layout_basic, serial_shops, shop, uniq_natasha
D:4:      layout_rooms, good_gods_temple_1, temple_fountains,
          serial_bayou_pond_d, grunt_ministairs_9, uniq_blork_the_orc
D:5:      layout_loops_ring, nicolae_overflow_quartered_altars,
          minmay_increasing_density, uniq_duvessa, uniq_pikel,
          uniq_crazy_yiuf_cottage
D:6:      layout_gridville, cheibrodos_ashenzari_chains,
          corexii_item_surrounded_by_moat, corexii_shack, serial_bayou_pond_c
D:7:      layout_loops_ring, enter_bailey_7
D:8:      layout_cave_pools, lemuel_mausoleum_altar_yredelemnul,
          serial_gnoll_camp, gnoll_camp_mini_hut, gnoll_camp_mini_sergeant,
          gnoll_camp_mini_hut, gnoll_camp_mini_hut
D:9:      layout_basic, nicolae_gozag_seed_capital, minitemple, uniq_maurice
D:10:     layout_small_grid, orc_0_dummy
D:11:     layout_basic, grunt_lair_entry_orc_guard_hut, serial_shops,
          nicolae_lakefront_shop, uniq_psyche
D:12:     layout_cross
D:14:     layout_irregular_city, david_vaults_3, uniq_kirke
D:15:     gammafunk_depths_entry_grave, layout_layer_cave,
          chequers_hall_statues_y, serial_shops, nicolae_diamond_shop,
          nicolae_shop_waterfront, shop, shop, xom_confusion_cloud,
          uniq_roxanne, uniq_louise, uniq_josephine, uniq_nessos
Temple:   dpeg_three_leaves_temple

Skill      XL: |  1  2  3  4  5  6  7  8  9 10 11 12 13 |
---------------+----------------------------------------+-----
Maces & Flails | 4 5 6 8 9 11 12 13 14 | 14.2
Dodging        | 1 2 3 4 5 6 7 8 |  8.7
Fighting       | 4 5 7 8 9 10 | 10.8
Stealth        | 2 3 4 5 |  5.5
Invocations    | 1 3 4 6 7 9 10 | 10.8
Evocations     | 4 |  4.0
Long Blades    | |  1.0
Throwing       | |  1.8

Action                   |  1- 3 |  4- 6 |  7- 9 | 10-12 | 13-15 || total
-------------------------+-------+-------+-------+-------+-------++-------
Melee: Mace              |   122 |   127 |   241 |       |       ||   490
       Tailslap          |    15 |     8 |    44 |    91 |    22 ||   180
       Dire flail        |       |       |    92 |   541 |    77 ||   710
Invok: Draw Destruction  |       |       |     1 |     2 |       ||     3
       Draw Summoning    |       |       |       |     3 |       ||     3
       Deal Four         |       |       |       |     4 |       ||     4
       Draw Escape       |       |       |       |     1 |     2 ||     3
       Triple Draw       |       |       |       |     1 |       ||     1
 Abil: Breathe Dispellin |       |       |     1 |       |       ||     1
Evoke: Wand              |       |       |       |    17 |       ||    17
       Lightning rod     |       |       |       |     4 |       ||     4
  Use: Scroll            |     3 |     3 |    12 |     8 |       ||    26
       Potion            |       |       |     7 |     5 |     2 ||    14
 Stab: Sleeping          |     1 |     3 |     2 |     7 |       ||    13
       Petrified         |       |       |       |     2 |       ||     2
       Distracted        |       |       |       |     1 |       ||     1
Armor: Skin              |    68 |    36 |   147 |   237 |    15 ||   503
Dodge: Dodged            |   129 |    99 |   241 |   395 |    27 ||   891
